 Dungeon Crawl Stone Soup version 0.20-a0-945-g3bf614a (webtiles) character file.

30 Alarkh the Stinger (level 3, 16/24 HPs)
             Began as a Demonspawn Venom Mage on Apr 1, 2017.
             Quit the game on level 2 of the Dungeon.
             The game lasted 00:01:11 (1620 turns).

Alarkh the Stinger (Demonspawn Venom Mage)          Turns: 1620, Time: 00:01:12

Health: 16/24      AC:  2    Str:  8    XL:     3   Next: 3%
Magic:  1/7        EV: 12    Int: 17    God:
Gold:   96         SH:  0    Dex: 13    Spells: 6/7 levels left

rFire    + . .     SeeInvis .   e - +0 dagger
rCold    . . .     Gourm    .   (no shield)
rNeg     . . .     Faith    .   a - +0 robe
rPois    .         Spirit   .   (no helmet)
rElec    .         Reflect  .   (no cloak)
rCorr    .         Harm     .   (no gloves)
MR       .....                  (no boots)
Stlth    ++........             (no amulet)
Regen    0.1/turn               (no ring)
MPRegen  0.1/turn               (no ring)

@: very slightly contaminated
A: fire resistance 1, powered by pain 1
a: no special abilities


You were on level 2 of the Dungeon.
You were not hungry.

You visited 1 branch of the dungeon, and saw 2 of its levels.

You collected 96 gold pieces.

Inventory:

Hand Weapons
 e - a +0 dagger (weapon)
Armour
 a - a +0 robe (worn)
Scrolls
 g - 2 scrolls of magic mapping {unknown}
 h - a scroll of recharging {unknown}
Potions
 f - a potion of lignification {unknown}
 i - 2 potions of curing {unknown}
 j - a potion of haste {unknown}
Books
 b - a Young Poisoner's Handbook

   Spells                             Type                      Level
   a - Sting                          Conjuration/Poison           1
   b - Poisonous Vapours              Poison/Air                   2
   c - Mephitic Cloud                 Conjuration/Poison/Air       3
   d - Olgreb's Toxic Radiance        Poison                       4
   e - Venom Bolt                     Conjuration/Poison           5
Comestibles
 c - 2 bread rations
 d - a meat ration


   Skills:
 - Level 1.7 Dodging
 - Level 1.7 Stealth
 + Level 2.7 Spellcasting
 + Level 1.4 Conjurations
 + Level 3.4 Poison Magic


You had 6 spell levels left.
You knew the following spells:

 Your Spells              Type           Power        Failure   Level  Hunger
a - Sting                 Conj/Pois      ##..         10%         1    #......


Dungeon Overview and Level Annotations

Branches:
Dungeon (2/15)

Altars:


Innate Abilities, Weirdness & Mutations

Your flesh is heat resistant. (rF+)
You sometimes gain a little power by taking damage.


Message History

Your hair stands on end.
The frilled lizard bites you.
Casting: Sting
Confirm with . or Enter, or press ? or * to list all spells.
Aiming: Sting
Press: ? - help, Shift-Dir - straight line, f/p - frilled lizard
Aim: a frilled lizard You miscast Sting.
Nothing appears to happen.
The frilled lizard bites you.
Casting: Sting
Confirm with . or Enter, or press ? or * to list all spells.
You don't have enough magic to cast that spell.
You miss the frilled lizard.
The frilled lizard unfolds its giant frill.
The frilled lizard misses you.
You hit the frilled lizard.
The frilled lizard is heavily wounded.
The frilled lizard bites you.
You hit the frilled lizard.
You kill the frilled lizard!
No target in view!
Are you sure you want to abandon this character and quit the game? (Confirm with "yes".)

# ####### . #.....# .##.
####.# #.# ....#######
#.'..# #.. ##.....#..
#.##.###.#
.......#.######.##.....#
#......#........########
#....@..#######
##.!###......>. ##
#.####### ... ###. .# #


There were no monsters in sight!

Vanquished Creatures
  An adder (D:2)
  3 bats
  2 giant cockroaches
  2 goblins (D:1)
  2 hobgoblins (D:1)
  3 frilled lizards
  3 kobolds
  5 rats
21 creatures vanquished.

Vanquished Creatures (others)
  A goblin (D:2)
1 creature vanquished.

Grand Total: 22 creatures vanquished

Notes
Turn   | Place    | Note
-------+----------+-------------------------------------------
     0 | D:1      | Alarkh the Demonspawn Venom Mage began the quest for the Orb.
     0 | D:1      | Reached XP level 1. HP: 13/13 MP: 3/3
   480 | D:1      | Gained mutation: You sometimes gain a little power by taking damage. [demonic ancestry]
   480 | D:1      | Reached XP level 2. HP: 14/19 MP: 0/5
  1610 | D:2      | Gained mutation: Your flesh is heat resistant. (rF+) [demonic ancestry]
  1610 | D:2      | Reached XP level 3. HP: 24/24 MP: 4/7
  1620 | D:2      | Quit the game

Vault maps used:
D:1:      co_arrival_random_square_maze
D:2:      grunt_temple_overflow_holy_war, kennysheep_generic_room_11,
          uniq_sigmund

Action                   || total
-------------------------++-------
Melee: Dagger            ||    13
       Unarmed           ||     5
 Cast: Sting             ||    45
  Eat: Chunk             ||     3
Armor: Robe              ||     1
Dodge: Dodged            ||    19
